 Dungeon Crawl Stone Soup version 0.23.2-1-ga50397a (webtiles) character file.

Game seed: 14686628285182522038

2922 Fang the Fighter (level 9, -7/88 HPs)
             Began as a Gargoyle Berserker on May 24, 2019.
             Was an Elder of Trog.
             Mangled by a shadow wraith (9 damage)
             ... on level 1 of the Abyss.
             The game lasted 00:07:30 (6771 turns).

Fang the Fighter (Gargoyle Berserker)               Turns: 6771, Time: 00:07:31

Health: -7/88      AC: 20    Str: 29    XL:     9   Next: 79%
Magic:  9/9        EV: 11    Int:  8    God:    Trog [****..]
Gold:   397        SH:  0    Dex:  9    Spells: 8/8 levels left

rFire    . . .     SeeInvis .   p - +0 hand axe (flame)
rCold    . . .     Gourm    .   (no shield)
rNeg     + . .     Faith    .   b - +0 chain mail
rPois    ∞         Spirit   .   n - +2 helmet
rElec    +         Reflect  .   (no cloak)
rCorr    .         Harm     .   (no gloves)
MR       .....                  (no boots)
Stlth    ..........             (no amulet)
HPRegen  0.24/turn              (no ring)
MPRegen  0.11/turn              (no ring)

@: berserking, slowed
A: negative energy resistance 1, electricity resistance, unbreathing,
petrification resistance, rot immunity, AC +6
a: Berserk, Trog's Hand, Brothers in Arms, Renounce Religion


You were on level 1 of the Abyss.
You worshipped Trog.
Trog was greatly pleased with you.
You were not hungry.

You visited 2 branches of the dungeon, and saw 9 of its levels.
You visited the Abyss 1 time.

You collected 397 gold pieces.

Inventory:

Hand Weapons
 a - a +0 war axe
 p - a +0 hand axe of flaming (weapon)
Armour
 b - a +0 chain mail (worn)
 n - a +2 helmet (worn)
Wands
 l - a wand of digging (3)
Scrolls
 f - a scroll of remove curse
 i - 2 scrolls of blinking {unknown}
 j - 4 scrolls of identify {unknown}
 m - 3 scrolls of teleportation {unknown}
 o - a scroll of immolation {unknown}
 r - 2 scrolls of enchant armour {unknown}
 s - 2 scrolls of fog {unknown}
 t - 2 scrolls of amnesia {unknown}
 v - a scroll of noise {unknown}
Potions
 d - a potion of lignification {unknown}
 e - 2 potions of haste {unknown}
 g - a potion of might {unknown}
 h - 6 potions of curing {unknown}
 k - 2 potions of berserk rage {unknown}
 q - 2 potions of cancellation {unknown}
 u - 2 potions of magic {unknown}
Comestibles
 c - 11 rations


   Skills:
 + Level 8.0 Fighting
 + Level 6.6 Axes
 + Level 7.5 Armour
 + Level 5.7 Dodging


You had 8 spell levels left.
You didn't know any spells.
Your spell library was empty.

Dungeon Overview and Level Annotations

Branches:
Dungeon (8/15)             Temple (1/1) D:4
   Lair: D:8-11

Altars:
Dithmenos
Elyvilon
Kikubaaqudgha
Trog
Yredelemnul

Shops:
D:5 [   D:6 %

Annotations:
D:7 3 runed translucent doors, Inchmeat's ghost, novice GrGl
D:8 Psyche


Innate Abilities, Weirdness & Mutations

You are resistant to torment.
Your stone body is resilient. (AC +6)
You are immune to poison.
You resist negative energy. (rN+)
You are resistant to electric shocks. (rElec)
You can survive without breathing.
You are immune to petrification.
You are immune to rotting.


Message History

The raiju bites you but does no damage. Something hits you but does no damage.
You closely miss something. You closely miss the raiju. The raiju bites you.
The raiju shocks you. You resist. Something hits you.
* * * LOW HITPOINT WARNING * * *
You hit the raiju but do no damage.
The raiju is almost dead.
You miss something. The raiju barely misses you. Something hits you!
* * * LOW HITPOINT WARNING * * *
Something drains your vigour!
You feel yourself slow down.
You barely miss the raiju.
The raiju is almost dead.
You completely miss something. The raiju closely misses you.
Something hits you!
* * * LOW HITPOINT WARNING * * *
Something drains your vigour!
You feel as though you will be slow longer.
A red film seems to cover your vision as you go berserk!
You feel yourself moving faster!
You feel mighty!
You feel a lot more hungry. The raiju bites you but does no damage.
Something hits you!
You die...

. . .# .#
#..##.#
####.....#
. #h@{# .
## ##.###
. ..##
##...# ###
# #...##
## # ..
.#.### #.
..# ...# .
. ..#### #
##.# ##


You could see a raiju.

Vanquished Creatures
  Harold (D:7)
  Grinder (D:3)
  A spriggan (D:7)
  Sigmund (D:2)
  Eustachio (D:4)
  A black bear (D:7)
  3 ice beasts
  An eye of draining (D:6)
  An ogre (D:6)
  A centaur (D:5)
  2 bullfrogs
  2 scorpions
  2 crimson imps (D:7)
  A bullfrog skeleton (D:7)
  2 hounds
  A jelly (D:5)
  3 iguanas
  Natasha (twice) (D:4)
  2 orc wizards
  Terence (D:3)
  7 worker ants
  Robin (D:3)
  11 adders
  A shadow imp (D:5)
  2 adder zombies (D:6)
  2 worms
  4 dart slugs (D:1)
  8 leopard geckos
  7 orcs
  6 bats
  6 giant cockroaches
  12 goblins
  12 hobgoblins
  10 jackals
  13 kobolds
  4 quokkas
  A ball python (D:4)
  A quokka skeleton (D:5)
  10 rats
148 creatures vanquished.

Notes
Turn   | Place    | Note
-------+----------+-------------------------------------------
     0 | D:1      | Fang the Gargoyle Berserker began the quest for the Orb.
     0 | D:1      | Reached XP level 1. HP: 14/14 MP: 1/1
    63 | D:1      | Reached XP level 2. HP: 10/19 MP: 2/2
   501 | D:1      | Reached XP level 3. HP: 22/23 MP: 3/3
   588 | D:1      | Reached ** piety under Trog
  1010 | D:2      | Noticed Sigmund
  1026 | D:2      | Killed Sigmund
  1026 | D:2      | Reached skill level 4 in Fighting
  1026 | D:2      | Reached XP level 4. HP: 13/30 MP: 4/4
  1026 | D:2      | Reached XP level 5. HP: 15/34 MP: 5/5
  1922 | D:3      | Reached XP level 6. HP: 8/39 MP: 6/6
  2318 | D:3      | Noticed Robin
  2319 | D:3      | Reached *** piety under Trog
  2331 | D:3      | Killed Robin
  2573 | D:3      | Noticed Grinder
  2595 | D:3      | Killed Grinder
  2595 | D:3      | Reached skill level 5 in Fighting
  2595 | D:3      | Reached XP level 7. HP: 44/44 MP: 7/7
  2626 | D:3      | Found a faded altar of an unknown god.
  2631 | D:3      | Noticed Terence
  2649 | D:3      | Killed Terence
  2874 | D:4      | Noticed Natasha
  2881 | D:4      | Killed Natasha
  3057 | D:4      | Found a basalt altar of Yredelemnul.
  3073 | D:4      | Noticed Natasha
  3089 | D:4      | Killed Natasha
  3278 | D:4      | Found a staircase to the Ecumenical Temple.
  3329 | Temple   | Entered the Ecumenical Temple
  3391 | D:4      | Noticed Eustachio
  3398 | D:4      | Killed Eustachio
  3398 | D:4      | Reached skill level 5 in Armour
  3519 | D:4      | Reached XP level 8. HP: 51/51 MP: 8/8
  3594 | D:4      | Reached **** piety under Trog
  3784 | D:5      | Entered Level 5 of the Dungeon
  3826 | D:5      | Found a white marble altar of Elyvilon.
  3831 | D:5      | Received a gift from Trog
  3928 | D:5      | Reached skill level 6 in Fighting
  3928 | D:5      | Reached skill level 5 in Axes
  4376 | D:5      | Found Foobo's Armour Boutique.
  5141 | D:6      | Reached skill level 7 in Fighting
  5141 | D:6      | Reached XP level 9. HP: 19/57 MP: 6/9
  5398 | D:6      | Reached skill level 5 in Dodging
  5527 | D:6      | Found Dudokk Hounu's Food Shop.
  5817 | D:7      | Found a runed translucent gate.
  5817 | D:7      | Noticed Inchmeat's ghost (novice GrGl)
  5818 | D:7      | Found a runed translucent gate.
  5818 | D:7      | Found a runed translucent gate.
  5836 | D:7      | Noticed Harold
  5852 | D:7      | Killed Harold
  6472 | D:7      | Reached skill level 8 in Fighting
  6595 | D:8      | Noticed Psyche
  6596 | D:8      | Cast into level 1 of the Abyss (Psyche)
  6770 | Abyss:1  | HP: 1/59 [something (8)]
  6771 | Abyss:1  | Mangled by a shadow wraith

Skill      XL: |  1  2  3  4  5  6  7  8  9 |
---------------+----------------------------+-----
Axes           | 3 4 5 6 |  6.6
Dodging        | 2 3 4 5 |  5.7
Fighting       | 4 5 7 8 |  8.0
Armour         | 3 4 5 6 7 |  7.5

Action                   |  1- 3 |  4- 6 |  7- 9 || total
-------------------------+-------+-------+-------++-------
Melee: Hand axe          |   108 |   117 |   468 ||   693
Invok: Berserk           |     1 |     2 |     7 ||    10
  Use: Scroll            |       |       |     1 ||     1
  Eat: Chunk             |       |     7 |    11 ||    18
       Ration            |       |       |     3 ||     3
Armor: Animal skin       |    42 |    63 |       ||   105
       Chain mail        |       |    11 |   300 ||   311
Dodge: Dodged            |    80 |    78 |   234 ||   392
